 Dungeon Crawl Stone Soup version 0.29.1 (webtiles) character file.

Game seed: 10931528934887728952

35193 qw the Severer (level 13, -7/118 HPs)
             Began as a Minotaur Berserker on Sept 13, 2022.
             Was an Elder of Trog.
             Splashed by a goliath frog's acid (9 damage)
             ... on level 5 of the Lair of Beasts.
             The game lasted 00:05:30 (17562 turns).

qw the Severer (Minotaur Berserker)                Turns: 17562, Time: 00:05:30

Health: -7/118     AC: 20    Str: 30    XL:     13   Next: 46%
Magic:  12/12      EV:  8    Int:  4    God:    Trog [****..]
Gold:   1465       SH: 12    Dex: 10    Spells: 12/12 levels left

rFire   . . .      SeeInvis +   t - +0 broad axe (vorpal)
rCold   + . .      Faith    .   u - +0 kite shield
rNeg    . . .      Spirit   .   i - +0 plate armour
rPois   .          Reflect  .   (helmet restricted)
rElec   .          Harm     .   m - +1 cloak
rCorr   .          Rampage  .   l - +2 pair of gloves {Str+3}
Will    .....                   j - +2 pair of boots
Stlth   ..........              n - amulet of regeneration
HPRegen 1.09/turn               q - ring of see invisible
MPRegen 0.13/turn               b - ring of protection from cold

@: about to teleport, corroded, on berserk cooldown
A: horns 2, retaliatory headbutt
a: Renounce Religion, Berserk, Trog's Hand, Brothers in Arms


You were on level 5 of the Lair of Beasts.
You worshipped Trog.
Trog was greatly pleased with you.
You visited 2 branches of the dungeon, and saw 15 of its levels.

You collected 1777 gold pieces.
You spent 312 gold pieces at shops.


Innate Abilities, Weirdness & Mutations

You have a pair of horns on your head.
You reflexively headbutt those who attack you in melee.


   Skills:
 - Level 12.0 Fighting
 + Level 17.6 Axes
 - Level 5.1 Throwing
 - Level 11.3 Armour
 - Level 4.0 Dodging
 - Level 13.0 Shields


You had 12 spell levels left.
You didn't know any spells.
Your spell library was empty.

Inventory:

Hand Weapons
 d - a +1 morningstar of protection
 t - a +0 vorpal broad axe (weapon)
Missiles
 k - 5 boomerangs (quivered)
Armour
 f - a +1 chain mail of fire resistance
 i - a +0 plate armour (worn)
 j - a +2 pair of boots (worn)
 l - a +2 pair of gloves of strength (worn)
 m - a +1 cloak (worn)
 u - a +0 kite shield (worn)
Jewellery
 b - a ring of protection from cold (right hand)
 n - an amulet of regeneration (around neck)
 q - a ring of see invisible (left hand)
 r - a ring of fire
Scrolls
 a - 4 scrolls of identify
Potions
 g - 4 potions of heal wounds
 h - 2 potions of curing
 o - a potion of haste
 s - 2 potions of might

Dungeon Overview and Level Annotations

Branches:
Dungeon (10/15)            Temple (0/1) D:6            Lair (5/5) D:10
 Shoals (0/4) Lair:3       Spider (0/4) Lair:3          Orc (0/2) D:9
  Slime: Lair:4-5

Altars:
Ashenzari
Cheibriados
Gozag
Hepliaklqana
Nemelex Xobeh
Okawaru
Qazlal
Ru
Trog
Xom

Shops:
D:4 *   D:9 *

Portals:
Abyss: D:10

Annotations:
D:1 2 transporters
D:5 2 transporters, qw's ghost, weakling GrDe
D:6 7 runed translucent doors, qw's ghost, amateur GrFi
D:10 2 transporters, Apidaj's ghost, journeyman TrCA


Message History

You barely miss the tyrant leech.
The tyrant leech is heavily wounded.
The goliath frog closely misses you. The tyrant leech bites you!
The tyrant leech draws strength from your injuries!
You barely miss the tyrant leech. You headbutt the tyrant leech.
The tyrant leech is moderately wounded.
The goliath frog completely misses you. The goliath frog barely misses you.
You block the tyrant leech's attack.
You closely miss the tyrant leech. You headbutt the tyrant leech.
The tyrant leech is moderately wounded.
You feel yourself speed up.
The goliath frog hits you but does no damage.
You block the tyrant leech's attack.
The goliath frog hits you but does no damage.
You miss the tyrant leech.
The tyrant leech is moderately wounded.
The goliath frog barely misses you.
The tyrant leech bites you but does no damage.
You completely miss the tyrant leech.
The tyrant leech is moderately wounded.
The goliath frog hits you but does no damage.
You miss the tyrant leech. Your headbutt misses the tyrant leech.
The tyrant leech is moderately wounded.
The tyrant leech bites you.
The tyrant leech draws strength from your injuries!
The goliath frog hits you from afar! The acid corrodes you!
You are splashed with acid!
You slice the tyrant leech!!
The tyrant leech is severely wounded.
You block the tyrant leech's attack.
The goliath frog hits you but does no damage.
You miss the tyrant leech.
The tyrant leech is severely wounded.
The goliath frog hits you from afar!
You are splashed with acid!
17562 ||| READING scroll of teleportation.
As you read the scroll of teleportation, it crumbles to dust.
You feel strangely unstable. You block the tyrant leech's attack.
The goliath frog hits you from afar!
You are splashed with acid!
You die...

#..........#..# ~~
##.......#....##
~..#.....#.....###
~...#............#
~.....###.#....######
.(.....#P.####...##.##
......F...###...P....##
P(.....w...##.........#
..?...#%@%..#.#.?.....##
.......%%..............#
.......%...............#
.#.#....%###...P.....###
# #.##### #.........##
## ###..#.....#
###.....## ##.)..###
#P...#.#


You could see a tyrant leech and a goliath frog.

Vanquished Creatures
  A boulder beetle (Lair:4)
  4 hydras
  4 death yaks (Lair:1)
  2 two-headed ogres
  Nergalle (Lair:3)
  An orb spider (Lair:3)
  A cyclops (D:9)
  4 elephants (Lair:5)
  4 black mambas
  A gargoyle (D:10)
  13 cane toads
  A rime drake (Lair:3)
  A kobold demonologist (D:9)
  3 komodo dragons
  A hornet (D:8)
  5 polar bears
  Prince Ribbit (D:8)
  4 trolls
  25 blink frogs
  A vampire (D:10)
  Sigmund (D:2)
  6 wyverns
  A basilisk (Lair:4)
  25 yaks
  Grum (D:8)
  2 steam dragons
  4 vampire mosquitoes (Lair:5)
  2 acid dragons (D:10)
  8 water moccasins
  4 sky beasts
  2 orc warriors
  4 black bears
  10 wolves
  An ogre (D:6)
  4 centaurs
  13 bullfrogs
  2 gnoll sergeants (D:9)
  A necrophage (D:7)
  4 scorpions
  4 electric eels
  4 howler monkeys
  4 lava snakes (Lair:4)
  4 orc priests (D:8)
  A hound (D:5)
  2 jellies
  3 gnoll boudas
  7 iguanas
  10 orc wizards
  21 gnolls
  10 adders
  2 white imps (D:6)
  An ufetubus (D:6)
  3 worms
  3 dart slugs
  42 orcs
  9 ball pythons
  4 bats
  10 endoplasms
  2 giant cockroaches
  4 goblins
  10 hobgoblins
  3 jackals (D:1)
  4 quokkas
  3 frilled lizards
  9 kobolds
  6 rats
358 creatures vanquished.

Vanquished Creatures (collateral kills)
  A hydra (Lair:4)
  A wolf (Lair:1)
  An electric eel (Lair:4)
3 creatures vanquished.

Vanquished Creatures (others)
  16 fungi
  101 plants
117 creatures vanquished.

Grand Total: 478 creatures vanquished

Notes
Turn   | Place    | Note
-------+----------+-------------------------------------------
     0 | D:1      | qw the Minotaur Berserker began the quest for the Orb.
     0 | D:1      | Reached XP level 1. HP: 19/19 MP: 0/0
     0 | D:1      | 0 ||| qw: Version: 0.1-a-119-g272c26d
     0 | D:1      | 0 ||| qw: Game counter: 11133
     0 | D:1      | 0 ||| qw: Always use a shield: true
     0 | D:1      | 0 ||| qw: Do Orc after D:15 true
     0 | D:1      | 0 ||| qw: Do second Lair branch before Depths: true
     0 | D:1      | 0 ||| qw: Lair rune preference: random
     0 | D:1      | 0 ||| qw: Plans: Normal
     0 | D:1      | 0 ||| PLANNING D:1-11
    85 | D:1      | Reached skill level 4 in Axes
   140 | D:1      | Reached XP level 2. HP: 26/26 MP: 1/1
   516 | D:1      | 516 ||| INVOKING Berserk.
   745 | D:1      | 745 ||| INVOKING Berserk.
   748 | D:1      | Reached skill level 5 in Axes
   748 | D:1      | Reached XP level 3. HP: 31/31 MP: 2/2
  1159 | D:1      | Found a faded altar of an unknown god.
  1324 | D:1      | 1324 ||| UPGRADING to +0 ring mail.
  1334 | D:1      | 1334 ||| DROPPING +0 animal skin.
  1335 | D:1      | 1335 ||| DROPPING ring of magical power.
  1336 | D:1      | 1336 ||| READING scroll labelled HUAL EFFIDEPS.
  1337 | D:1      | 1337 ||| READING 2 scrolls labelled NOFUFA QAOD.
  1340 | D:1      | 1340 ||| READING scroll labelled ECWOTAIMAU.
  1341 | D:1      | 1341 ||| READING scroll labelled QEUKOR MELIAD.
  1342 | D:1      | 1342 ||| READING 2 scrolls labelled ASCHUS FIUSTAKE.
  1343 | D:1      | 1343 ||| READING scroll labelled LATAPT WEIFO.
  1344 | D:1      | 1344 ||| DRINKING 2 blue potions.
  1345 | D:1      | 1345 ||| DROPPING potion of degeneration.
  1346 | D:1      | 1346 ||| DROPPING scroll of vulnerability.
  1373 | D:2      | Noticed Sigmund
  1374 | D:2      | 1374 ||| FLEEEEING.
  1375 | D:2      | 1375 ||| FLEEEEING.
  1380 | D:2      | 1380 ||| INVOKING Berserk.
  1383 | D:2      | Killed Sigmund
  1384 | D:2      | Reached skill level 7 in Axes
  1384 | D:2      | Reached XP level 4. HP: 39/39 MP: 3/3
  1384 | D:2      | Reached XP level 5. HP: 45/45 MP: 4/4
  1457 | D:2      | 1457 ||| Stepping ~*~*~tactically~*~*~ (stealth).
  1476 | D:2      | 1476 ||| Stepping ~*~*~tactically~*~*~ (stealth).
  1751 | D:2      | Reached ** piety under Trog
  1984 | D:2      | 1984 ||| Stepping ~*~*~tactically~*~*~ (stealth).
  1986 | D:2      | 1986 ||| Stepping ~*~*~tactically~*~*~ (stealth).
  2301 | D:2      | 2301 ||| UPGRADING to +0 scale mail.
  2311 | D:2      | 2311 ||| DROPPING +0 ring mail.
  2312 | D:2      | 2312 ||| UPGRADING to +6 ring of intelligence.
  2313 | D:2      | 2313 ||| READING 3 scrolls of identify.
  2313 | D:2      | 2313 ||| IDENTIFYING smoky orange potion
  2314 | D:2      | 2314 ||| READING 2 scrolls of identify.
  2314 | D:2      | 2314 ||| IDENTIFYING metallic red potion
  2315 | D:2      | 2315 ||| DROPPING potion of flight.
  2361 | D:3      | 2361 ||| STAIRDANCE
  2363 | D:2      | 2363 ||| INVOKING Berserk.
  2475 | D:3      | 2475 ||| STAIRDANCE
  2547 | D:2      | 2547 ||| DROPPING +0 whip.
  2551 | D:3      | 2551 ||| STAIRDANCE
  2556 | D:3      | 2556 ||| STAIRDANCE
  2665 | D:3      | 2665 ||| DRINKING potion of curing.
  2665 | D:3      | 2665 ||| (to cure confusion)
  2694 | D:3      | Reached XP level 6. HP: 20/53 MP: 5/5
  2796 | D:3      | 2796 ||| FLEEEEING.
  2797 | D:3      | 2797 ||| FLEEEEING.
  2798 | D:3      | 2798 ||| STAIRDANCE
  2885 | D:3      | 2885 ||| STAIRDANCE
  3044 | D:3      | Found a sacrificial altar of Ru.
  3053 | D:3      | Found a stormy altar of Qazlal.
  3053 | D:3      | Found a broken altar of Ashenzari.
  3053 | D:3      | Found a sparkling altar of Nemelex Xobeh.
  3125 | D:3      | Reached skill level 8 in Axes
  3432 | D:3      | You fall into a shaft and drop 2 floors!
  3432 | D:5      | Entered Level 5 of the Dungeon
  3435 | D:5      | 3435 ||| UPGRADING to +0 pair of boots.
  3440 | D:5      | 3440 ||| READING scroll of enchant armour.
  3440 | D:5      | 3440 ||| ENCHANTING +0 pair of boots.
  3441 | D:5      | 3441 ||| READING scroll labelled NAFAAM GIETU.
  3442 | D:5      | 3442 ||| READING scroll labelled WELOEG WU ODIRGH.
  3449 | D:5      | 3449 ||| FLEEEEING.
  3450 | D:5      | 3450 ||| STAIRDANCE
  3579 | D:4      | 3579 ||| STAIRDANCE
  3636 | D:4      | 3636 ||| SWAPPING to +1 vorpal war axe.
  3637 | D:4      | 3637 ||| DROPPING +1 hand axe.
  3654 | D:4      | Reached skill level 1 in Throwing
  3868 | D:4      | 3868 ||| INVOKING Berserk.
  4001 | D:4      | Reached skill level 9 in Axes
  4023 | D:4      | Found Limire's Neck Hole.
  4028 | D:4      | 4028 ||| BUYING +0 cloak (49 gold).
  4028 | D:4      | Bought a +0 cloak for 49 gold pieces
  4028 | D:4      | 4028 ||| SHOPLISTING amulet of guardian spirit (330 gold,
                  | have 101).
  4041 | D:4      | 4041 ||| Stepping ~*~*~tactically~*~*~ (stealth).
  4042 | D:4      | Reached *** piety under Trog
  4172 | D:4      | Reached XP level 7. HP: 49/60 MP: 6/6
  4296 | D:4      | Found a hazy altar of Hepliaklqana.
  4501 | D:4      | 4501 ||| UPGRADING to +0 cloak.
  4506 | D:4      | 4506 ||| READING scroll labelled SIFUEH CIPIPIN.
  4507 | D:4      | 4507 ||| READING scroll labelled UGHIRR SYSYONE.
  4507 | D:4      | Identified a scroll of acquirement
  4507 | D:4      | 4507 ||| ACQUIRING 871 gold pieces
  4507 | D:4      | Acquired 871 gold pieces
  4509 | D:4      | 4509 ||| READING 2 scrolls of identify.
  4509 | D:4      | 4509 ||| IDENTIFYING fizzy clear potion
  4553 | D:5      | 4553 ||| INVOKING Berserk.
  4682 | D:5      | 4682 ||| INVOKING Berserk.
  4974 | D:5      | Found a bloodstained altar of Trog.
  4978 | D:5      | Reached skill level 10 in Axes
  4978 | D:5      | 4978 ||| FLEEEEING.
  4979 | D:5      | 4979 ||| FLEEEEING.
  4980 | D:5      | 4980 ||| FLEEEEING.
  4981 | D:5      | 4981 ||| FLEEEEING.
  4982 | D:5      | 4982 ||| FLEEEEING.
  4983 | D:5      | 4983 ||| FLEEEEING.
  4984 | D:5      | 4984 ||| FLEEEEING.
  4985 | D:5      | 4985 ||| FLEEEEING.
  4986 | D:5      | 4986 ||| FLEEEEING.
  4987 | D:5      | 4987 ||| FLEEEEING.
  4988 | D:5      | 4988 ||| FLEEEEING.
  4989 | D:5      | 4989 ||| FLEEEEING.
  4990 | D:5      | 4990 ||| FLEEEEING.
  4991 | D:5      | 4991 ||| FLEEEEING.
  4992 | D:5      | 4992 ||| FLEEEEING.
  4993 | D:5      | 4993 ||| FLEEEEING.
  4994 | D:5      | 4994 ||| FLEEEEING.
  4995 | D:5      | 4995 ||| FLEEEEING.
  4996 | D:5      | 4996 ||| FLEEEEING.
  4997 | D:5      | 4997 ||| FLEEEEING.
  4998 | D:5      | 4998 ||| STAIRDANCE
  5036 | D:4      | 5036 ||| UPGRADING to +0 plate armour.
  5046 | D:4      | 5046 ||| DROPPING +0 scale mail.
  5047 | D:4      | 5047 ||| READING scroll labelled YDAT ZEADILEZ.
  5048 | D:4      | 5048 ||| DRINKING 2 inky potions.
  5086 | D:4      | 5086 ||| DROPPING potion of lignification.
  5089 | D:5      | 5089 ||| STAIRDANCE
  5123 | D:5      | Found a transporter.
  5138 | D:5      | Reached skill level 3 in Armour
  5408 | D:5      | 5408 ||| READING scroll of enchant armour.
  5408 | D:5      | 5408 ||| ENCHANTING +1 pair of boots.
  5411 | D:5      | Found a transporter.
  5412 | D:5      | Noticed a hornet
  5412 | D:5      | Noticed qw's ghost (weakling GrDe)
  5480 | D:5      | 5480 ||| UPGRADING to ring of protection from cold.
  5498 | D:6      | 5498 ||| STAIRDANCE
  5580 | D:6      | 5580 ||| Stepping ~*~*~tactically~*~*~ (stealth).
  5584 | D:6      | 5584 ||| INVOKING Berserk.
  5588 | D:6      | Reached XP level 8. HP: 45/69 MP: 7/7
  5596 | D:6      | HP: 17/69 [poisoned by a water moccasin]
  5609 | D:6      | 5609 ||| READING 3 scrolls of teleportation.
  5610 | D:6      | 5610 ||| DRINKING 2 potions of heal wounds.
  5637 | D:6      | Reached skill level 6 in Fighting
  5728 | D:6      | 5728 ||| INVOKING Berserk.
  6030 | D:6      | Found a large runed translucent door.
  6030 | D:6      | Found a large runed translucent door.
  6039 | D:6      | Noticed a seven-headed hydra
  6039 | D:6      | Noticed an eight-headed hydra
  6108 | D:6      | Noticed a troll
  6110 | D:6      | 6110 ||| INVOKING Berserk.
  6114 | D:6      | Killed a troll
  6115 | D:6      | Reached skill level 11 in Axes
  6197 | D:6      | Found a large runed translucent door.
  6197 | D:6      | Found a large runed translucent door.
  6205 | D:6      | 6205 ||| READING scroll of enchant armour.
  6205 | D:6      | 6205 ||| ENCHANTING +0 cloak.
  6256 | D:6      | Found a runed translucent gate.
  6256 | D:6      | Found a runed translucent gate.
  6256 | D:6      | Found a runed translucent gate.
  6257 | D:6      | Noticed qw's ghost (amateur GrFi)
  6269 | D:6      | 6269 ||| INVOKING Berserk.
  6439 | D:6      | Found a staircase to the Ecumenical Temple.
  6502 | D:6      | 6502 ||| READING scroll of enchant weapon.
  6502 | D:6      | 6502 ||| ENCHANTING +1 vorpal war axe.
  6648 | D:6      | Reached skill level 12 in Axes
  6657 | D:6      | Noticed a troll
  6658 | D:6      | 6658 ||| INVOKING Berserk.
  6663 | D:6      | Killed a troll
  6664 | D:6      | Reached skill level 6 in Armour
  6664 | D:6      | Reached XP level 9. HP: 75/75 MP: 8/8
  6874 | D:6      | 6874 ||| UPGRADING to +1 pair of gloves of strength.
  6879 | D:6      | 6879 ||| UPGRADING to amulet of regeneration.
  6884 | D:6      | 6884 ||| READING scroll labelled GICRAURCHIU.
  6885 | D:6      | 6885 ||| READING 2 scrolls of identify.
  6885 | D:6      | 6885 ||| IDENTIFYING puce potion
  6886 | D:6      | 6886 ||| READING 3 scrolls of teleportation.
  6953 | D:7      | 6953 ||| INVOKING Berserk.
  7196 | D:7      | 7196 ||| READING scroll of enchant weapon.
  7196 | D:7      | 7196 ||| ENCHANTING +2 vorpal war axe.
  7198 | D:7      | 7198 ||| Stepping ~*~*~tactically~*~*~ (stealth).
  7199 | D:7      | 7199 ||| Stepping ~*~*~tactically~*~*~ (stealth).
  7210 | D:7      | 7210 ||| INVOKING Berserk.
  7520 | D:7      | 7520 ||| Stepping ~*~*~tactically~*~*~ (stealth).
  7524 | D:7      | 7524 ||| Stepping ~*~*~tactically~*~*~ (stealth).
  7591 | D:7      | Reached skill level 13 in Axes
  7602 | D:7      | Found an opulent altar of Gozag.
  7824 | D:7      | 7824 ||| READING 2 scrolls of identify.
  7824 | D:7      | 7824 ||| IDENTIFYING silvery potion
  7825 | D:7      | 7825 ||| DROPPING potion of attraction.
  7872 | D:8      | 7872 ||| STAIRDANCE
  7878 | D:8      | 7878 ||| STAIRDANCE
  7883 | D:8      | 7883 ||| STAIRDANCE
  7891 | D:8      | 7891 ||| STAIRDANCE
  7891 | D:8      | Noticed Grum
  7899 | D:7      | Reached skill level 3 in Throwing
  7902 | D:8      | 7902 ||| STAIRDANCE
  7909 | D:8      | 7909 ||| INVOKING Berserk.
  7913 | D:8      | Killed Grum
  7918 | D:8      | 7918 ||| Stepping ~*~*~tactically~*~*~ (stealth).
  8030 | D:8      | Found a shimmering altar of Xom.
  8035 | D:8      | 8035 ||| Stepping ~*~*~tactically~*~*~ (hiding).
  8039 | D:8      | 8039 ||| Stepping ~*~*~tactically~*~*~ (hiding).
  8042 | D:8      | 8042 ||| INVOKING Berserk.
  8082 | D:8      | 8082 ||| Stepping ~*~*~tactically~*~*~ (stealth).
  8083 | D:8      | 8083 ||| Stepping ~*~*~tactically~*~*~ (stealth).
  8084 | D:8      | 8084 ||| Stepping ~*~*~tactically~*~*~ (stealth).
  8188 | D:8      | Found a shimmering altar of Xom.
  8194 | D:8      | 8194 ||| Stepping ~*~*~tactically~*~*~ (hiding).
  8195 | D:8      | 8195 ||| Stepping ~*~*~tactically~*~*~ (hiding).
  8197 | D:8      | 8197 ||| INVOKING Berserk.
  8258 | D:8      | Noticed Prince Ribbit
  8259 | D:8      | 8259 ||| INVOKING Berserk.
  8270 | D:8      | Killed Prince Ribbit
  8301 | D:8      | 8301 ||| Stepping ~*~*~tactically~*~*~ (stealth).
  8321 | D:8      | 8321 ||| Stepping ~*~*~tactically~*~*~ (stealth).
  8322 | D:8      | 8322 ||| Stepping ~*~*~tactically~*~*~ (stealth).
  8323 | D:8      | 8323 ||| Stepping ~*~*~tactically~*~*~ (stealth).
  8335 | D:8      | 8335 ||| Stepping ~*~*~tactically~*~*~ (stealth).
  8339 | D:8      | 8339 ||| Stepping ~*~*~tactically~*~*~ (hiding).
  8343 | D:8      | 8343 ||| Stepping ~*~*~tactically~*~*~ (hiding).
  8344 | D:8      | 8344 ||| Stepping ~*~*~tactically~*~*~ (hiding).
  8345 | D:8      | 8345 ||| Stepping ~*~*~tactically~*~*~ (hiding).
  8413 | D:8      | 8413 ||| INVOKING Berserk.
  8603 | D:8      | 8603 ||| INVOKING Berserk.
  8607 | D:8      | Reached XP level 10. HP: 90/90 MP: 9/9
  8831 | D:8      | 8831 ||| Stepping ~*~*~tactically~*~*~ (stealth).
  8833 | D:8      | 8833 ||| Stepping ~*~*~tactically~*~*~ (stealth).
  8837 | D:8      | Reached skill level 14 in Axes
  8839 | D:8      | Reached **** piety under Trog
  8840 | D:8      | 8840 ||| Stepping ~*~*~tactically~*~*~ (stealth).
  8934 | D:8      | Found a shimmering altar of Xom.
  8935 | D:8      | 8935 ||| READING scroll labelled PUGUOPRAFAU.
  8936 | D:8      | 8936 ||| DRINKING 2 viscous red potions.
  9041 | D:8      | 9041 ||| DROPPING potion of berserk rage.
  9064 | D:9      | 9064 ||| STAIRDANCE
  9066 | D:8      | 9066 ||| INVOKING Berserk.
  9206 | D:9      | 9206 ||| Stepping ~*~*~tactically~*~*~ (hiding).
  9207 | D:9      | 9207 ||| Stepping ~*~*~tactically~*~*~ (hiding).
  9219 | D:9      | 9219 ||| Stepping ~*~*~tactically~*~*~ (stealth).
  9234 | D:9      | 9234 ||| INVOKING Berserk.
  9417 | D:9      | 9417 ||| Stepping ~*~*~tactically~*~*~ (stealth).
  9428 | D:9      | 9428 ||| Stepping ~*~*~tactically~*~*~ (hiding).
  9479 | D:9      | Found Jahifim's Assorted Antiques.
  9484 | D:9      | 9484 ||| BUYING runed chain mail (232 gold).
  9484 | D:9      | Bought a runed chain mail for 232 gold pieces
  9484 | D:9      | 9484 ||| BUYING scroll labelled RIPRIWN FIRITZ (31 gold).
  9484 | D:9      | Bought a scroll labelled RIPRIWN FIRITZ for 31 gold pieces
  9521 | D:9      | 9521 ||| Stepping ~*~*~tactically~*~*~ (hiding).
  9528 | D:9      | 9528 ||| INVOKING Berserk.
  9658 | D:9      | Noticed a two-headed ogre
  9662 | D:9      | 9662 ||| INVOKING Berserk.
  9668 | D:9      | Killed a two-headed ogre
  9669 | D:9      | Reached skill level 15 in Axes
  9797 | D:9      | 9797 ||| Stepping ~*~*~tactically~*~*~ (stealth).
  9804 | D:9      | Reached skill level 3 in Dodging
  9814 | D:9      | Reached skill level 9 in Fighting
  9936 | D:9      | Reached skill level 16 in Axes
 10035 | D:9      | Found a staircase to the Orcish Mines.
 10089 | D:9      | Reached XP level 11. HP: 97/97 MP: 10/10
 10299 | D:9      | 10299 ||| INVOKING Berserk.
 10307 | D:9      | Reached skill level 9 in Armour
 10561 | D:9      | 10561 ||| UPGRADING to +0 kite shield.
 10566 | D:9      | 10566 ||| READING scroll labelled RIPRIWN FIRITZ.
 10606 | D:10     | Entered Level 10 of the Dungeon
 10676 | D:10     | Reached skill level 1 in Shields
 10787 | D:10     | Found an iron altar of Okawaru.
 10803 | D:10     | 10803 ||| FLEEEEING.
 10804 | D:10     | 10804 ||| FLEEEEING.
 10810 | D:10     | 10810 ||| FLEEEEING.
 10811 | D:10     | 10811 ||| FLEEEEING.
 10812 | D:10     | 10812 ||| FLEEEEING.
 10813 | D:10     | 10813 ||| FLEEEEING.
 10814 | D:10     | 10814 ||| FLEEEEING.
 10815 | D:10     | 10815 ||| FLEEEEING.
 10816 | D:10     | 10816 ||| FLEEEEING.
 10817 | D:10     | 10817 ||| FLEEEEING.
 10845 | D:10     | 10845 ||| DRINKING 3 potions of curing.
 10845 | D:10     | 10845 ||| (to cure confusion)
 10849 | D:10     | 10849 ||| DRINKING 2 potions of curing.
 10849 | D:10     | 10849 ||| (to cure confusion)
 10854 | D:10     | Found a transporter.
 10871 | D:10     | Found a one-way gate to the infinite horrors of the Abyss.
 10871 | D:10     | Noticed Apidaj's ghost (journeyman TrCA)
 10871 | D:10     | Noticed a skeletal warrior
 10877 | D:10     | Noticed a hell hog
 10939 | D:10     | Noticed a two-headed ogre
 10943 | D:10     | 10943 ||| INVOKING Berserk.
 10946 | D:10     | Killed a two-headed ogre
 11059 | D:10     | Found a staircase to the Lair.
 11065 | D:10     | Found a transporter.
 11184 | D:10     | 11184 ||| INVOKING Berserk.
 11506 | D:10     | 11506 ||| PLANNING LAIR
 11506 | D:10     | 11506 ||| DRINKING 2 red potions.
 11507 | D:10     | 11507 ||| READING 2 scrolls of identify.
 11507 | D:10     | 11507 ||| IDENTIFYING emerald potion
 11508 | D:10     | 11508 ||| DROPPING potion of invisibility.
 11557 | Lair:1   | Entered Level 1 of the Lair of Beasts
 11558 | Lair:1   | 11558 ||| INVOKING Berserk.
 11566 | Lair:1   | Reached skill level 6 in Shields
 11695 | Lair:1   | 11695 ||| READING scroll of enchant armour.
 11695 | Lair:1   | 11695 ||| ENCHANTING +1 pair of gloves of strength.
 11698 | Lair:1   | Noticed a death yak
 11699 | Lair:1   | Noticed a death yak
 11699 | Lair:1   | 11699 ||| Stepping ~*~*~tactically~*~*~ (stealth).
 11712 | Lair:1   | Noticed a death yak
 11715 | Lair:1   | Noticed a death yak
 11717 | Lair:1   | 11717 ||| INVOKING Berserk.
 11722 | Lair:1   | Killed a death yak
 11726 | Lair:1   | Killed a death yak
 11731 | Lair:1   | Killed a death yak
 11732 | Lair:1   | Reached skill level 9 in Shields
 11735 | Lair:1   | Killed a death yak
 11901 | Lair:1   | 11901 ||| INVOKING Berserk.
 12069 | Lair:1   | 12069 ||| INVOKING Berserk.
 12202 | Lair:1   | 12202 ||| INVOKING Berserk.
 12217 | Lair:1   | 12217 ||| Stepping ~*~*~tactically~*~*~ (stealth).
 12373 | Lair:1   | 12373 ||| Stepping ~*~*~tactically~*~*~ (stealth).
 12380 | Lair:1   | Noticed a seven-headed hydra
 12381 | Lair:1   | 12381 ||| INVOKING Brothers in Arms.
 12382 | Lair:1   | 12382 ||| INVOKING Brothers in Arms.
 12385 | Lair:1   | 12385 ||| SWAPPING to +1 morningstar of protection.
 12387 | Lair:1   | 12387 ||| INVOKING Berserk.
 12392 | Lair:1   | Killed a seven-headed hydra
 12393 | Lair:1   | Reached XP level 12. HP: 106/106 MP: 11/11
 12409 | Lair:1   | 12409 ||| SWAPPING to +3 war axe of venom.
 12526 | Lair:1   | 12526 ||| INVOKING Berserk.
 12709 | Lair:1   | 12709 ||| INVOKING Berserk.
 12942 | Lair:1   | 12942 ||| INVOKING Berserk.
 13359 | Lair:1   | 13359 ||| READING scroll labelled JUNAEZ LIEFUIH.
 13360 | Lair:1   | 13360 ||| READING 3 scrolls of identify.
 13360 | Lair:1   | 13360 ||| IDENTIFYING sapphire potion
 13510 | Lair:2   | 13510 ||| READING scroll of enchant weapon.
 13510 | Lair:2   | 13510 ||| ENCHANTING +3 war axe of venom.
 13626 | Lair:2   | 13626 ||| Stepping ~*~*~tactically~*~*~ (stealth).
 13629 | Lair:2   | 13629 ||| Stepping ~*~*~tactically~*~*~ (stealth).
 13632 | Lair:2   | 13632 ||| Stepping ~*~*~tactically~*~*~ (stealth).
 13636 | Lair:2   | 13636 ||| INVOKING Berserk.
 13842 | Lair:2   | 13842 ||| Stepping ~*~*~tactically~*~*~ (stealth).
 13843 | Lair:2   | 13843 ||| Stepping ~*~*~tactically~*~*~ (stealth).
 13845 | Lair:2   | 13845 ||| INVOKING Berserk.
 14153 | Lair:2   | Found a shimmering altar of Xom.
 14273 | Lair:2   | Identified the +7 spear "Kewnyadugh" {freeze, Str+4 Int+3}
 14469 | Lair:2   | You fall into a shaft and drop 2 floors!
 14475 | Lair:4   | 14475 ||| DRINKING potion of cancellation.
 14514 | Lair:4   | Noticed an eight-headed hydra
 14515 | Lair:4   | 14515 ||| INVOKING Brothers in Arms.
 14516 | Lair:4   | 14516 ||| INVOKING Brothers in Arms.
 14517 | Lair:4   | 14517 ||| INVOKING Brothers in Arms.
 14518 | Lair:4   | 14518 ||| INVOKING Brothers in Arms.
 14519 | Lair:4   | 14519 ||| INVOKING Brothers in Arms.
 14520 | Lair:4   | 14520 ||| INVOKING Brothers in Arms.
 14521 | Lair:4   | 14521 ||| SWAPPING to +1 morningstar of protection.
 14522 | Lair:4   | 14522 ||| INVOKING Berserk.
 14524 | Lair:4   | Killed an eight-headed hydra
 14529 | Lair:4   | HP: 32/165 [lava snake/glob of lava (17)]
 14599 | Lair:4   | 14599 ||| SWAPPING to +4 war axe of venom.
 14648 | Lair:4   | Reached skill level 12 in Shields
 14693 | Lair:4   | Found a snail-covered altar of Cheibriados.
 14763 | Lair:4   | 14763 ||| Stepping ~*~*~tactically~*~*~ (stealth).
 14837 | Lair:4   | 14837 ||| INVOKING Berserk.
 14963 | Lair:3   | Noticed Nergalle
 14966 | Lair:3   | 14966 ||| INVOKING Berserk.
 14971 | Lair:3   | Killed Nergalle
 15091 | Lair:3   | 15091 ||| READING scroll of enchant weapon.
 15091 | Lair:3   | 15091 ||| ENCHANTING +4 war axe of venom.
 15131 | Lair:3   | Found a hole to the Spider Nest.
 15132 | Lair:3   | 15132 ||| INVOKING Brothers in Arms.
 15139 | Lair:3   | 15139 ||| READING 4 scrolls of teleportation.
 15140 | Lair:3   | 15140 ||| Stepping randomly (stuck).
 15153 | Lair:3   | 15153 ||| Stepping ~*~*~tactically~*~*~ (stealth).
 15366 | Lair:3   | 15366 ||| Stepping ~*~*~tactically~*~*~ (stealth).
 15370 | Lair:3   | 15370 ||| INVOKING Berserk.
 15389 | Lair:3   | 15389 ||| Stepping ~*~*~tactically~*~*~ (stealth).
 15393 | Lair:3   | 15393 ||| Stepping ~*~*~tactically~*~*~ (stealth).
 15396 | Lair:3   | 15396 ||| Stepping ~*~*~tactically~*~*~ (stealth).
 15398 | Lair:3   | 15398 ||| Stepping ~*~*~tactically~*~*~ (stealth).
 15543 | Lair:3   | Found a staircase to the Shoals.
 15691 | Lair:3   | 15691 ||| Stepping ~*~*~tactically~*~*~ (stealth).
 15702 | Lair:3   | 15702 ||| INVOKING Berserk.
 15970 | Lair:3   | 15970 ||| Stepping ~*~*~tactically~*~*~ (stealth).
 15972 | Lair:3   | 15972 ||| INVOKING Berserk.
 16320 | Lair:3   | 16320 ||| INVOKING Brothers in Arms.
 16321 | Lair:3   | 16321 ||| INVOKING Brothers in Arms.
 16322 | Lair:3   | 16322 ||| INVOKING Brothers in Arms.
 16323 | Lair:3   | 16323 ||| INVOKING Brothers in Arms.
 16324 | Lair:3   | 16324 ||| INVOKING Brothers in Arms.
 16325 | Lair:3   | 16325 ||| READING 3 scrolls of teleportation.
 16326 | Lair:3   | 16326 ||| Stepping randomly (stuck).
 16327 | Lair:3   | 16327 ||| FLEEEEING.
 16356 | Lair:3   | 16356 ||| READING 2 scrolls of teleportation.
 16357 | Lair:3   | 16357 ||| FLEEEEING.
 16412 | Lair:3   | Reached skill level 12 in Fighting
 16462 | Lair:4   | Noticed a boulder beetle
 16472 | Lair:4   | 16472 ||| INVOKING Berserk.
 16478 | Lair:4   | Killed a boulder beetle
 16693 | Lair:4   | Noticed an eight-headed hydra
 16706 | Lair:4   | Noticed a four-headed hydra
 16708 | Lair:4   | 16708 ||| SWAPPING to +1 morningstar of protection.
 16709 | Lair:4   | 16709 ||| INVOKING Berserk.
 16713 | Lair:4   | Killed a four-headed hydra
 16714 | Lair:4   | Reached XP level 13. HP: 118/118 MP: 12/12
 16722 | Lair:4   | 16722 ||| SWAPPING to +5 war axe of venom.
 16885 | Lair:4   | 16885 ||| Stepping ~*~*~tactically~*~*~ (stealth).
 16891 | Lair:4   | 16891 ||| INVOKING Berserk.
 17019 | Lair:4   | 17019 ||| READING scroll of brand weapon.
 17019 | Lair:4   | 17019 ||| BRANDING +5 war axe of venom.
 17088 | Lair:4   | 17088 ||| READING scroll of acquirement.
 17088 | Lair:4   | 17088 ||| ACQUIRING +0 vorpal broad axe
 17088 | Lair:4   | Acquired a +0 vorpal broad axe
 17090 | Lair:4   | 17090 ||| SWAPPING to +0 vorpal broad axe.
 17091 | Lair:4   | 17091 ||| DROPPING +5 war axe of chaos.
 17391 | Lair:4   | 17391 ||| UPGRADING to ring of see invisible.
 17393 | Lair:4   | 17393 ||| DROPPING +6 ring of intelligence.
 17405 | Lair:5   | Entered Level 5 of the Lair of Beasts
 17408 | Lair:5   | 17408 ||| STAIRDANCE
 17481 | Lair:5   | 17481 ||| Stepping ~*~*~tactically~*~*~ (stealth).
 17485 | Lair:5   | 17485 ||| Stepping ~*~*~tactically~*~*~ (stealth).
 17501 | Lair:5   | 17501 ||| INVOKING Berserk.
 17520 | Lair:5   | Reached skill level 17 in Axes
 17561 | Lair:5   | HP: 19/118 [goliath frog (17)]
 17562 | Lair:5   | 17562 ||| READING scroll of teleportation.
 17562 | Lair:5   | HP: 2/118 [goliath frog (9)]
 17562 | Lair:5   | Splashed by a goliath frog's acid

Levels and vault maps discovered:
D:1:      spicycebolla_arrival_transporter_tutorial, layout_loops_ring,
          ebering_ecumenical_altar_hall, corexii_leaking_fountain
D:2:      layout_basic, uniq_sigmund
D:3:      corexii_shack_village, layout_rooms, minitemple
D:4:      layout_basic, nicolae_hepliaklqana_hippocampus, nicolae_hexahallways,
          nicolae_shop_sticking_my_neck_out
D:5:      layout_cave_pools, amcnicky_altar_gilded, gammafunk_ghost_hive
D:6:      layout_rooms, minmay_temple_entry_enclosed_plants,
          gammafunk_ghost_necromancy, minmay_hollow_rounded_squares
D:7:      layout_loops_ring, grunt_gozag_breadcrumbs, small_statue_intersection,
          hangedman_decor_slide_cut
D:8:      layout_cave_pools, xom_redecorated, david_defended_altar_orc,
          uniq_prince_ribbit1, uniq_grum
D:9:      wad_cavern_with_rooms, layout_long_grid, orc_0_dummy, serial_shops,
          nicolae_shop_hallway_plus
D:10:     layout_cave_pods, general_overflow_altar, lair_entry_dummy,
          gammafunk_ghost_abyssal_escape
Lair:1:   layout_regular_city, serial_bayou, serial_bayou_lagoon_a,
          serial_bayou_pond_d, serial_bayou_pond_b, serial_bayou_ford_a,
          lemuel_fruit_fields
Lair:2:   layout_cave_pods, basic_altar, grunt_megastairs_2,
          infiniplex_staircase_pool_2
Lair:3:   layout_regular_city, shoals_dummy_entry,
          nicolae_spider_entry_orb_guardian, beast_lair_carwin_9, uniq_nergalle
Lair:4:   layout_concentric_octagons, basic_altar, nicolae_lair_liquid_snakes,
          grunt_megastairs_5
Lair:5:   minmay_lair_end_frog_pond, layout_misc_corridors,
          minmay_slime_entry_oklob_open, nicolae_volcano_entry_vermiform,
          serial_bayou_shore_b, lemuel_fruit_tree

Skill      XL: |  1  2  3  4  5  6  7  8  9 10 11 12 13 |
---------------+----------------------------------------+-----
Axes           | 4 5 7 9 10 12 13 16 17 | 17.6
Fighting       | 4 5 6 8 9 12 | 12.0
Throwing       | 1 2 3 5 |  5.1
Armour         | 4 6 7 8 9 11 | 11.3
Dodging        | 3 4 |  4.0
Shields        | 10 12 13 | 13.0

Action                   |  1- 3 |  4- 6 |  7- 9 | 10-12 | 13-15 || total
-------------------------+-------+-------+-------+-------+-------++-------
Melee: Hand axe          |    65 |   121 |       |       |       ||   186
       Headbutt          |    10 |    19 |    23 |    69 |    21 ||   142
       War axe           |       |    26 |   193 |   383 |    11 ||   613
       Punch             |       |       |     5 |       |       ||     5
       Morningstar       |       |       |       |    18 |     3 ||    21
       Broad axe         |       |       |       |       |    73 ||    73
Throw: Javelin           |       |    13 |    24 |    23 |    16 ||    76
       Boomerang         |       |       |       |    91 |     2 ||    93
Invok: Berserk           |     3 |     2 |    15 |    26 |     2 ||    48
       Brothers in Arms  |       |       |       |     4 |       ||     4
  Use: Scroll            |     6 |     5 |    13 |    11 |     3 ||    38
       Potion            |     1 |     1 |     2 |     5 |       ||     9
Armor: Animal skin       |     8 |       |       |       |       ||     8
       Scale mail        |       |    43 |    18 |       |       ||    61
       Ring mail         |       |     5 |       |       |       ||     5
       Plate armour      |       |       |   115 |   200 |    51 ||   366
Dodge: Dodged            |    25 |    45 |    80 |    99 |    25 ||   274
Block: Kite shield       |       |       |       |   117 |    59 ||   176

Table legend:
 A = Non-vault XP
 B = Vault XP
 C = Vault XP percentage of total XP
 D = Non-vault monster count
 E = Vault monster count
 F = Vault count percentage of total count
                 A         B        C        D         E       F
            +---------+---------+-------+---------+---------+-------
      Total |   37314 |   12962 |  25.8 |     290 |      71 |  19.7
            +---------+---------+-------+---------+---------+-------
        D:1 |      68 |       0 |   0.0 |      31 |       0 |   0.0
        D:2 |      80 |     214 |  72.8 |      16 |       1 |   5.9
        D:3 |      90 |      25 |  21.7 |      18 |      11 |  37.9
        D:4 |     280 |       0 |   0.0 |      22 |       0 |   0.0
        D:5 |     527 |       0 |   0.0 |      18 |       0 |   0.0
        D:6 |     928 |     796 |  46.2 |      18 |       8 |  30.8
        D:7 |    1075 |     365 |  25.3 |      21 |       3 |  12.5
        D:8 |    1900 |     590 |  23.7 |      20 |       5 |  20.0
        D:9 |    4171 |    1207 |  22.4 |      32 |       5 |  13.5
       D:10 |    2236 |       0 |   0.0 |      11 |       0 |   0.0
     Lair:1 |    8979 |      93 |   1.0 |      26 |       1 |   3.7
     Lair:2 |    3990 |     201 |   4.8 |      18 |       1 |   5.3
     Lair:3 |    3643 |    2522 |  40.9 |      17 |       6 |  26.1
     Lair:4 |    6862 |     836 |  10.9 |      16 |       8 |  33.3
     Lair:5 |    2485 |    6113 |  71.1 |       6 |      22 |  78.6
            +---------+---------+-------+---------+---------+-------
